AoeStats
← Coldplay

Black Forest

510262618Analyzed
4v4 RM · 1d ago on Sep 30, 2026· 47m 15s· 8 players
Game mode
Random Map
Map size
Large (8 player)
Population
200
Speed
Normal
Resources
Standard
Victory
Conquest
Starting age
Dark Age
Ending age
Imperial Age
RankedLock teamsTeams togetherTeam positionsShared explorationLock speedFull tech treeHidden civsTurbo modeCheats
Victory
Defeat
🇨🇳 Bohemians · China
1182
+15
🇨🇳 Georgians · China
1147
+17
🇨🇳 Bohemians · China
1146
+17
🇨🇳 Britons · China
1144
+17
🇳🇿 Bohemians · New Zealand
1225
-18
🇲🇽 Varangians · Mexico
1191
-18
🇳🇿 Danes · New Zealand
1141
-16
🇩🇪 Italians · Germany
1100
-14
Maggie Q
0:28 Loom
14:34 Feudal Age
21:48 Castle Age
19:37 Double-Bit Axe
19:36 Horse Collar
19:39 Fishing Lines
24:21 Bow Saw
24:16 Heavy Plow
24:09 Gillnets
25:49 Town Watch
26:48 Wheelbarrow
32:28 Fortified Wall
33:19 Chemistry
32:23 Squires
31:44 Pikeman
32:34 Town Patrol
32:52 Hand Cart
38:08 Imperial Age
35:14 Elite Skirmisher
38:12 Wagenburg Tactics
39:12 Conscription
38:17 Halberdier
40:42 Murder Holes
40:57 Masonry
42:50 Padded Archer Armor
42:40 Fletching
44:15 Architecture
44:02 Elite Hussite Wagon
45:43 Leather Archer Armor
45:24 Bodkin Arrow
Elvise177
1:33 Loom
11:26 Feudal Age
17:43 Castle Age
15:28 Horse Collar
15:55 Double-Bit Axe
18:32 Heavy Plow
18:47 Bow Saw
23:33 Gold Mining
24:32 Stone Mining
32:05 Imperial Age
31:13 Wheelbarrow
31:10 Forging
31:06 Scale Barding Armor
31:28 Bloodlines
31:18 Husbandry
31:17 Town Watch
32:46 Iron Casting
32:14 Elite Monaspa
33:16 Conscription
33:28 Hand Cart
33:59 Chain Barding Armor
35:12 Blast Furnace
36:12 Chemistry
36:14 Plate Barding Armor
35:21 Heavy Scorpion
37:24 Aznauri Cavalry
37:23 Capped Ram
39:58 Siege Engineers
42:25 Siege Ram
Coldplay
1:06 Loom
12:37 Feudal Age
17:21 Castle Age
15:35 Horse Collar
15:43 Double-Bit Axe
19:51 Bow Saw
20:52 Heavy Plow
25:30 Wheelbarrow
25:44 Gold Mining
25:49 Stone Mining
28:05 Gold Shaft Mining
30:38 Imperial Age
28:21 Fletching
29:25 Padded Archer Armor
29:33 Bodkin Arrow
30:35 Ballistics
29:57 Treadmill Crane
31:31 Leather Archer Armor
32:28 Chemistry
32:41 Two-Man Saw
32:04 Hand Cart
32:33 Conscription
32:50 Yeomen
32:49 Masonry
32:42 Bracer
34:07 Ring Archer Armor
34:02 Scale Mail Armor
33:29 Elite Longbowman
35:47 Forging
35:56 Chain Mail Armor
36:21 Architecture
35:57 Siege Engineers
37:55 Town Watch
42:23 Warwolf
45:07 Caravan
1722767622
8:54 Loom
11:40 Feudal Age
13:17 Double-Bit Axe
17:25 Castle Age
16:41 Fishing Lines
17:50 Town Watch
19:49 Gillnets
20:49 Horse Collar
22:18 Bow Saw
23:23 Wheelbarrow
24:13 Fervor
32:09 Imperial Age
32:47 Chemistry
32:07 Ballistics
32:23 Wagenburg Tactics
33:42 Conscription
34:29 Two-Man Saw
33:09 Houfnice
33:53 Fletching
34:03 Scale Mail Armor
35:02 Hand Cart
35:39 Pikeman
36:20 Squires
36:30 Town Patrol
37:31 Siege Engineers
37:39 Fortified Wall
37:08 Halberdier
39:08 Man-at-Arms
39:55 Long Swordsman
40:55 Chain Mail Armor
40:51 Forging
40:37 Bodkin Arrow
40:56 Two-Handed Swordsman
41:22 Arson
42:30 Plate Mail Armor
41:54 Champion
44:40 Iron Casting
44:05 Bracer
dantealhz
0:33 Loom
13:42 Feudal Age
19:36 Castle Age
17:22 Town Watch
19:00 Double-Bit Axe
19:00 Horse Collar
19:15 Stone Mining
19:16 Fishing Lines
21:27 Wheelbarrow
22:48 Hand Cart
27:50 Heavy Plow
28:11 Gillnets
28:19 Gold Mining
31:38 Stone Shaft Mining
34:52 Imperial Age
33:58 Fortified Wall
34:09 Ballistics
36:01 Conscription
36:26 Masonry
36:59 Forging
36:50 Scale Mail Armor
37:54 Chemistry
37:00 Siege Engineers
36:47 Fletching
37:04 Scale Barding Armor
36:27 Elite Varangian Guard
36:53 Arson
37:09 Squires
37:17 Gothikon
38:51 Iron Casting
38:12 Bodkin Arrow
38:39 Chain Barding Armor
39:05 Chain Mail Armor
41:23 Blast Furnace
40:24 Bracer
39:57 Pikeman
43:01 Plate Mail Armor
44:49 Plate Barding Armor
44:28 Bloodlines
44:18 Husbandry
45:51 Halberdier
DeusMaximus263
0:26 Loom
12:29 Feudal Age
17:11 Castle Age
16:14 Double-Bit Axe
19:41 Fishing Lines
24:19 Gillnets
27:37 Wheelbarrow
27:01 Town Watch
28:46 Fletching
29:49 Padded Archer Armor
30:24 Hand Cart
30:08 Horse Collar
31:17 Bodkin Arrow
31:57 Leather Archer Armor
35:19 Imperial Age
33:23 Ballistics
33:14 Masonry
32:45 Treadmill Crane
34:39 Scale Barding Armor
34:45 Forging
35:43 Elite Genoese Crossbowman
36:25 Bracer
36:56 Ring Archer Armor
37:03 Conscription
38:28 Chemistry
38:22 Squires
38:08 Arson
38:26 Scale Mail Armor
39:02 Iron Casting
40:01 Chain Mail Armor
40:20 Gold Mining
42:26 Plate Mail Armor
42:56 Blast Furnace
43:32 Architecture
MarshalOfNewZealand
2:31 Loom
12:49 Feudal Age
13:26 Double-Bit Axe
16:32 Castle Age
16:01 Horse Collar
17:29 Heavy Plow
17:43 Bow Saw
20:26 Wheelbarrow
21:55 Fervor
22:26 Hand Cart
22:43 Fishing Lines
24:43 Gillnets
26:22 Stone Mining
26:25 Gold Mining
26:48 Town Watch
27:39 Caravan
29:40 Gold Shaft Mining
32:28 Imperial Age
30:37 Scale Mail Armor
30:47 Forging
31:03 Sanctity
30:45 Man-at-Arms
31:39 Gambesons
31:47 Arson
33:22 Stone Shaft Mining
32:40 Long Swordsman
33:20 Squires
32:40 Pikeman
32:45 Elite Varangian Guard
33:50 Chain Mail Armor
34:11 Iron Casting
33:53 Masonry
33:49 Siege Engineers
34:09 Ballistics
34:49 Chemistry
33:39 Halberdier
33:41 Two-Handed Swordsman
33:50 Capped Ram
35:04 Block Printing
35:15 Illumination
35:00 Redemption
35:29 Theocracy
34:39 Champion
34:43 Siege Ram
35:10 Onager
37:31 Blast Furnace
37:17 Plate Mail Armor
36:22 Hamask
36:26 Northmen's Fury
37:31 Conscription
[OTM]thebearjew
6:09 Loom
10:08 Feudal Age
11:32 Wheelbarrow
11:18 Double-Bit Axe
17:08 Castle Age
14:52 Horse Collar
24:45 Heavy Plow
25:45 Bow Saw
30:38 Imperial Age
28:49 Hand Cart
30:04 Chemistry
28:36 Pikeman
29:31 Fishing Lines
30:23 Scale Mail Armor
30:33 Forging
30:14 Fletching
30:24 Padded Archer Armor
31:43 Halberdier
32:23 Squires
33:09 Siege Engineers
33:45 Conscription
33:22 Arson
34:47 Houfnice
45:41 Caravan
Connection lost

Rejoining the realm…

Still unreachable

The connection could not be restored.

Session expired

The server has moved on; the page needs a fresh start.